 Seeded DCSS version 0.30.1 (webtiles) character file.

Game seed: 7229806256980976716 (custom seed)

2 McKennaii the Chiller (level 1, 14/14 HPs)
             Began as a Demigod Ice Elementalist on July 13, 2023.
             Quit the game on level 1 of the Dungeon.
             The game lasted 00:00:17 (101 turns).

McKennaii the Chiller (Demigod Ice Elementalist)     Turns: 101, Time: 00:00:18

Health: 14/14      AC:  2    Str:  9    XL:     1   Next: 26%
Magic:  5/5        EV: 12    Int: 17    God:
Gold:   17         SH:  0    Dex: 14    Spells: 2/3 levels left

rFire   . . .        (no weapon)
rCold   . . .        (no shield)
rNeg    . . .        a - +0 robe
rPois   .            (no helmet)
rElec   .            (no cloak)
rCorr   .            (no gloves)
SInv    .            (no boots)
Will    .....        (no amulet)
Stlth   ++           (no ring)
HPRegen 0.22/turn    (no ring)
MPRegen 0.09/turn

%: no passive effects
@: no status effects
A: high MP 1, forlorn, divine attributes
a: no special abilities


You were on level 1 of the Dungeon.
You visited 1 branch of the dungeon, and saw 1 of its levels.

You collected 17 gold pieces.

Inventory:

Missiles
 c - a throwing net
Armour
 a - a +0 robe (worn)
Scrolls
 d - 2 scrolls of amnesia {unknown}
 e - a scroll of acquirement
 f - a scroll of teleportation {unknown}
Potions
 b - a potion of magic


   Skills:
 - Level 1.7 Dodging
 - Level 1.7 Stealth
 + Level 1.9 Spellcasting
 + Level 3.6 Ice Magic


You had 2 spell levels left.
You knew the following spells:

 Your Spells              Type           Power      Damage    Failure   Level
a - Freeze                Ice            56%        1d7       4%          1

Your spell library contained the following spells:

 Spells                   Type           Power      Damage    Failure   Level
 Frozen Ramparts          Ice            28%        1d5       13%         3
 Ozocubu's Armour         Ice            14%        N/A       13%         3
 Summon Ice Beast         Ice/Summ       7%         N/A       67%         4


Dungeon Overview and Level Annotations

Branches:
Dungeon (1/15)


Innate Abilities, Weirdness & Mutations

You have an increased reservoir of magic. (+10% MP)
You shall have no god before yourself.
Your divine heritage dramatically boosts your attributes as you level up.


Message History

You freeze the hobgoblin.
You kill the hobgoblin!
No target in view!
You can't see any susceptible monsters within range! (Use Z to cast anyway.)
You can't see any susceptible monsters within range! (Use Z to cast anyway.) Magic restored.
c - a throwing net You now have 17 gold pieces.
d - 2 scrolls labelled FUSKUR VIKLOEP You can't see any susceptible monsters within range! (Use Z to cast anyway.) No target in view!
A quokka comes into view.
You can't see any susceptible monsters within range! (Use Z to cast anyway.)
A quokka is nearby!
You can't see any susceptible monsters within range! (Use Z to cast anyway.)
You freeze the quokka!
You kill the quokka!
No target in view!
You can't see any susceptible monsters within range! (Use Z to cast anyway.)
You can't see any susceptible monsters within range! (Use Z to cast anyway.) No target in view!
Magic restored.
Found 3 stones.
You can't see any susceptible monsters within range! (Use Z to cast anyway.)
e - 3 scrolls labelled RAGIOR NADERHA You can't see any susceptible monsters within range! (Use Z to cast anyway.) No target in view!
You see here 3 stones.
f - a scroll labelled WUBBUN RUOS You can't see any susceptible monsters within range! (Use Z to cast anyway.) No target in view!
You can't see any susceptible monsters within range! (Use Z to cast anyway.)
A giant cockroach comes into view.
You can't see any susceptible monsters within range! (Use Z to cast anyway.) This is a scroll of acquirement!
Something appears at your feet!
A giant cockroach is nearby!
You can't see any susceptible monsters within range! (Use Z to cast anyway.)
Something appears at your feet!
Are you sure you want to abandon this character and quit the game? (Confirm with "yes".)

###########
##♣..>..♣##
##.......##
##♣.⌠_⌠.♣##
#####⌠#####
##########
###########
....B..@..#
#########.#
########
#.#
#.......
#.#
#.######
#(#######.#
#.........#
###########


You could see a giant cockroach.

Vanquished Creatures
  A hobgoblin (D:1)
  A quokka (D:1)
2 creatures vanquished.

Notes
Turn   | Place    | Note
-------+----------+-------------------------------------------
     0 | D:1      | McKennaii the Demigod Ice Elementalist began the quest for
                  | the Orb.
     0 | D:1      | Reached XP level 1. HP: 14/14 MP: 5/5
    99 | D:1      | Identified 3 scrolls of acquirement
    99 | D:1      | Acquired the +1 pair of gloves "Oqiptow" {Harm rC+ Stlth+}
   100 | D:1      | Acquired the +0 scale mail of Laurout {MP+9}
   101 | D:1      | Quit the game

Illustrated notes

Levels and vault maps discovered:
D:1:      spicycebolla_arrival_ecumenical, layout_loops_ring

Action                     || total
---------------------------++-------
   Cast: Freeze            ||     2
    Use: Scroll            ||     2
